AoeStats
← Random

Nomad

509726909Analyzed
4v4 RM · 5d ago on Sep 27, 2026· 57m 40s· 8 players
Game mode
Random Map
Map size
231×231
Population
200
Speed
Normal
Resources
Standard
Victory
Conquest
Starting age
Dark Age
Ending age
Imperial Age
RankedLock teamsTeams togetherTeam positionsShared explorationLock speedFull tech treeHidden civsTurbo modeCheats
Victory
Defeat
🇦🇷 Turks · Argentina
1618
+13
🇨🇱 Burgundians · Chile
1509
+17
🇹🇼 Dravidians · Taiwan
1451
+20
🇨🇳 Vietnamese · China
1450
+20
🇦🇿 Huns · Azerbaijan
1544
-18
🇺🇸 Turks · United States
1542
-18
🇭🇺 Danes · Hungary
1528
-17
🇵🇪 Persians · Peru
1517
-17
Random
8:43 Loom
10:18 Loom
12:34 Feudal Age
13:12 Double-Bit Axe
16:10 Forging
16:34 Horse Collar
20:12 Castle Age
21:07 Medium Warships
22:13 Iron Casting
21:59 Bow Saw
22:30 Heavy Plow
26:43 Wheelbarrow
25:56 Town Watch
28:32 Padded Archer Armor
28:27 Gold Mining
33:01 Imperial Age
32:12 Leather Archer Armor
35:28 Ring Archer Armor
37:31 Conscription
39:14 Elite Janissary
45:02 Masonry
50:39 Hand Cart
51:25 Two-Man Saw
51:01 Gold Shaft Mining
52:07 Fletching
3Dominik
3:11 Loom
13:00 Feudal Age
13:21 Town Watch
20:41 Fletching
23:56 Castle Age
21:50 Stone Mining
24:43 Double-Bit Axe
37:15 Wheelbarrow
37:16 Bow Saw
41:17 Bodkin Arrow
41:22 Padded Archer Armor
41:24 Elite Skirmisher
42:09 Thumb Ring
45:39 Ballistics
47:09 Leather Archer Armor
54:31 Imperial Age
52:19 Hand Cart
52:48 Town Patrol
55:14 Conscription
55:57 Chemistry
56:14 Ring Archer Armor
DraveczB
4:52 Loom
13:53 Feudal Age
18:07 Castle Age
16:04 Double-Bit Axe
17:13 Horse Collar
23:30 Heavy Plow
23:52 Bow Saw
25:16 Wheelbarrow
25:53 Stone Mining
25:53 Gold Mining
28:34 Squires
30:12 Fletching
30:23 Padded Archer Armor
30:34 Forging
30:25 Scale Mail Armor
30:14 Gambesons
30:15 Arson
30:18 Gambesons
31:54 Iron Casting
37:58 Imperial Age
36:15 Chain Mail Armor
38:13 Elite Jomsviking
39:15 Conscription
38:16 Hamask
39:57 Blast Furnace
39:27 Plate Mail Armor
45:27 Hand Cart
44:57 Town Watch
48:41 Onager
56:10 Gold Shaft Mining
56:10 Stone Shaft Mining
我放了个屁她顺风追了
4:49 Loom
13:33 Feudal Age
19:35 Castle Age
18:21 Double-Bit Axe
20:50 Wheelbarrow
22:06 Scale Barding Armor
22:03 Horse Collar
24:22 Chain Barding Armor
31:39 Bow Saw
32:06 Heavy Plow
36:57 Imperial Age
34:54 Forging
36:48 Iron Casting
36:26 Bloodlines
36:16 Husbandry
36:39 Hand Cart
36:33 Gold Mining
36:46 Town Watch
37:02 Cavalier
38:10 Conscription
38:34 Plate Barding Armor
47:17 Gold Shaft Mining
46:45 Light Cavalry
51:04 Blast Furnace
51:56 Fletching
53:23 Hussar
57:05 Paladin
WeedMan
7:01 Loom
12:44 Feudal Age
11:31 Double-Bit Axe
17:26 Castle Age
16:09 Bow Saw
15:55 Horse Collar
18:30 Gold Mining
19:12 Heavy Plow
20:51 Wheelbarrow
26:52 Hand Cart
27:39 Husbandry
27:10 Cavalier
28:13 Scale Barding Armor
28:11 Town Watch
29:43 Chain Barding Armor
30:54 Forging
32:15 Iron Casting
35:45 Imperial Age
34:14 Crop Rotation
36:11 Stone Mining
36:57 Gold Shaft Mining
35:47 Paladin
37:21 Plate Barding Armor
40:41 Conscription
40:06 Light Cavalry
40:06 Light Cavalry
42:01 Conscription
41:09 Light Cavalry
43:39 Blast Furnace
43:16 Hussar
51:11 Burgundian Vineyards
57:59 Fortified Wall
iiiiice
13:49 Feudal Age
14:47 Double-Bit Axe
21:57 Castle Age
20:15 Gold Mining
20:27 Fishing Lines
22:59 Medium Warships
24:08 Bow Saw
27:31 Gillnets
29:05 Wheelbarrow
34:18 Imperial Age
32:51 Hand Cart
32:22 Loom
32:33 Crossbowman
33:54 Fletching
34:05 Padded Archer Armor
34:49 Bodkin Arrow
35:22 Ballistics
35:24 Arbalester
36:33 Bracer
36:49 Leather Archer Armor
37:29 Leather Archer Armor
39:17 Ring Archer Armor
39:50 Chemistry
40:21 Thumb Ring
40:24 Elite Skirmisher
50:07 Elite Skirmisher
51:07 Imperial Skirmisher
zzzz123
13:22 Feudal Age
13:54 Feudal Age
14:13 Feudal Age
14:18 Feudal Age
15:41 Fishing Lines
18:13 Castle Age
16:11 Double-Bit Axe
18:02 Forging
19:09 Medium Warships
19:38 Bow Saw
23:13 Clinker Construction
24:13 Gillnets
25:17 Horse Collar
27:45 Loom
29:17 Heavy Plow
30:34 Wheelbarrow
33:10 Imperial Age
31:16 Gold Mining
31:39 Fletching
32:40 Bodkin Arrow
33:14 Padded Archer Armor
33:53 Bracer
34:57 Chemistry
34:17 Ballistics
34:21 Leather Archer Armor
34:30 Thumb Ring
36:15 Ring Archer Armor
36:40 Stone Mining
37:15 Ballistics
37:18 Elite Elephant Archer
39:06 Hand Cart
41:03 Masonry
41:31 Hoardings
45:33 Conscription
52:12 Caravan
52:54 Scale Mail Armor
57:58 Iron Casting
57:38 Chain Mail Armor
57:27 Squires
57:12 Gambesons
57:12 Arson
EL_REY_TUT
5:05 Loom
11:09 Feudal Age
12:03 Town Watch
13:52 Fletching
20:09 Double-Bit Axe
24:30 Scale Mail Armor
31:59 Castle Age
33:16 Bow Saw
33:11 Horse Collar
35:40 Wheelbarrow
44:51 Imperial Age
42:49 Hand Cart
43:00 Bodkin Arrow
43:55 Padded Archer Armor
44:22 Thumb Ring
44:59 Ballistics
45:33 Sipahi
45:47 Bracer
46:19 Conscription
49:42 Heavy Plow
50:44 Scale Barding Armor
51:54 Two-Man Saw
52:35 Chain Barding Armor
52:27 Bloodlines
52:17 Husbandry
54:48 Plate Barding Armor
55:36 Forging
58:38 Iron Casting
Connection lost

Rejoining the realm…

Still unreachable

The connection could not be restored.

Session expired

The server has moved on; the page needs a fresh start.